Construct Infanterie Kompanie
Selects Luftwaffe Battlegroup
Selects Luftwaffe Pioneer Support
Fallschirmpioneer Squad Paradrop
Fallschirmpioneer Squad Paradrop
Infanterie Officer Quarters
Construct Panzergrenadier Kompanie
Pak 40 Anti-tank Gun Team
Fallschirmpioneer Squad Paradrop
Selects Luftwaffe Combat Group
Pak 40 Anti-tank Gun Team
Selects Stuka Strafing Run
Selects Infantry Reserves
Construct Panzer Kompanie
Selects Fallschirmjäger Squad Paradrop
Fallschirmjäger Squad Paradrop
Fallschirmjäger Squad Paradrop